 Dungeon Crawl Stone Soup version 0.20.0 (webtiles) character file.

221 shmeve the Chopper (level 5, -1/50 HPs)
             Began as a Deep Dwarf Berserker on May 25, 2017.
             Was a Believer of Trog.
             Slain by an ogre
             ... wielding a +0 giant club
              (20 damage)
             ... on level 4 of the Dungeon on May 26, 2017.
             The game lasted 00:05:52 (2552 turns).

shmeve the Chopper (Deep Dwarf Berserker)           Turns: 2552, Time: 00:05:52

Health: -1/50      AC: 11    Str: 22    XL:     5   Next: 65%
Magic:  5/5        EV:  9    Int:  7    God:    Trog [**....]
Gold:   160        SH:  0    Dex: 12    Spells: 4/4 levels left

rFire    . . .     SeeInvis .   a - +0 hand axe
rCold    . . .     Gourm    .   (no shield)
rNeg     . . .     Faith    .   u - +0 chain mail
rPois    .         Spirit   .   (no helmet)
rElec    .         Reflect  .   s - +0 cloak
rCorr    .         Harm     .   k - +0 pair of gloves
MR       .....                  (no boots)
Stlth    ..........             (no amulet)
Regen    0.0/turn               (no ring)
MPRegen  0.1/turn               (no ring)

@: non-regenerating
A: damage resistance, heal wounds, sense surroundings 1, no regeneration
a: Heal Wounds, Berserk, Trog's Hand, Burn Spellbooks, Renounce Religion


You were on level 4 of the Dungeon.
You worshipped Trog.
Trog was pleased with you.
You were not hungry.

You visited 1 branch of the dungeon, and saw 4 of its levels.

You collected 160 gold pieces.

Inventory:

Hand Weapons
 a - a +0 hand axe (weapon)
Armour
 k - a +0 pair of gloves (worn)
 s - a +0 cloak (worn)
 u - a +0 chain mail (worn)
Scrolls
 b - 6 scrolls of immolation {unknown}
 d - 5 scrolls of identify {unknown}
 e - a scroll of amnesia {unknown}
 f - 4 scrolls of remove curse {unknown}
 g - a scroll of recharging {unknown}
 h - a scroll of fear {unknown}
 i - a scroll of fog {unknown}
 m - a scroll of enchant armour {unknown}
Potions
 j - a potion of degeneration {unknown}
 q - a potion of ambrosia {unknown}
 r - 2 potions of curing {unknown}
Comestibles
 c - 2 bread rations
 n - 3 meat rations
 p - a royal jelly
 t - 2 fruits


   Skills:
 * Level 4.1 Fighting
 * Level 4.7 Axes
 + Level 3.1 Armour
 + Level 3.4 Dodging


You had 4 spell levels left.
You didn't know any spells.

Dungeon Overview and Level Annotations

Branches:
Dungeon (4/15)
 Temple: D:4-7

Altars:
Elyvilon
Makhleb
Nemelex Xobeh
Okawaru


Innate Abilities, Weirdness & Mutations

You are resistant to damage.
You can heal yourself by infusing magical energy.
You passively map a small area around you.
You do not regenerate.


Message History

The phantom barely misses you.
You hit the phantom.
The phantom is almost destroyed.
The phantom hits you.
You slash the phantom!
You destroy the phantom!
Trog accepts your kill.
Your Fighting skill increases to level 4!
Your Armour skill increases to level 3!
You have reached level 5!
f - 4 scrolls labeled HIGIOT JOPT (gained 1)
You now have 149 gold pieces (gained 14).
You now have 160 gold pieces (gained 11).
An ogre comes into view. It is wielding a giant club.
The ogre shouts!
The ogre hits you with a giant club!
You hit the ogre.
The ogre is moderately wounded.
The ogre hits you with a giant club!!
You die...

, * ####.....# , , * ,,*
###......... ,
#........... *, , *, *
#........... *
#........... *
##..........
############.........< ,
..#......##.....).......
*
#.....O@.##....##.......
#...####.##.....#.......
# #......_......... ,
##...#.....##.... ,
#...##....##.... ,
#.........##...# * ,
#......######### , ,
#......# #####..# *,


You could see an ogre.

Vanquished Creatures
  A phantom (D:4)
  7 adders
  A gnoll (D:3)
  2 oozes
  A worm (D:2)
  2 dart slugs
  A leopard gecko (D:1)
  An orc (D:3)
  2 giant cockroaches (D:3)
  6 goblins
  6 hobgoblins
  A quokka (D:3)
  4 bats
  5 frilled lizards
  5 kobolds
  6 rats
51 creatures vanquished.

Notes
Turn   | Place    | Note
-------+----------+-------------------------------------------
     0 | D:1      | shmeve the Deep Dwarf Berserker began the quest for the Orb.
     0 | D:1      | Reached XP level 1. HP: 20/20 MP: 1/1
   312 | D:1      | Reached XP level 2. HP: 22/27 MP: 2/2
   819 | D:2      | Reached XP level 3. HP: 23/34 MP: 3/3
  1034 | D:2      | Found a white marble altar of Elyvilon.
  1497 | D:3      | Reached ** piety under Trog
  1548 | D:3      | Reached XP level 4. HP: 39/42 MP: 4/4
  1650 | D:3      | Found a sparkling altar of Nemelex Xobeh.
  2288 | D:3      | Found an iron altar of Okawaru.
  2477 | D:4      | Found a burning altar of Makhleb.
  2478 | D:4      | Noticed a phantom
  2530 | D:4      | Killed a phantom
  2530 | D:4      | Reached XP level 5. HP: 24/50 MP: 5/5
  2550 | D:4      | Noticed an ogre
  2552 | D:4      | Slain by an ogre

Skill      XL: |  1  2  3  4 |
---------------+-------------+-----
Fighting       | 3 4 |  4.1
Axes           | 4 |  4.7
Dodging        | 3 |  3.4
Armour         | 3 |  3.1

Action                   |  1- 3 |  4- 6 || total
-------------------------+-------+-------++-------
Melee: Hand axe          |   102 |    99 ||   201
 Abil: Heal Wounds       |     1 |       ||     1
  Eat: Chunk             |     2 |     3 ||     5
Armor: Scale mail        |    45 |    12 ||    57
       Animal skin       |    13 |       ||    13
       Chain mail        |       |    47 ||    47
Dodge: Dodged            |    91 |    50 ||   141
